 Dungeon Crawl Stone Soup version 0.21-a0-621-gc60411f (webtiles) character file.

4845 Amnesiac the Martial Artist (level 10, -22/68 HPs)
             Began as an Octopode Transmuter on Dec 23, 2017.
             Was an Elder of Okawaru.
             Annihilated by an orc knight
             ... wielding a +0 trident
              (38 damage)
             ... in a bailey.
             The game lasted 00:16:04 (9250 turns).

Amnesiac the Martial Artist (Octopode Transmuter)   Turns: 9250, Time: 00:16:05

Health: -22/68     AC:  1    Str: 10    XL:     10   Next: 49%
Magic:  17/17      EV: 17    Int: 16    God:    Okawaru [****..]
Gold:   263        SH:  6    Dex: 19    Spells: 10/19 levels left

rFire    . . .     SeeInvis .     - Unarmed
rCold    . . .     Gourm    .   (no shield)
rNeg     . . .     Faith    .   (helmet restricted)
rPois    .         Spirit   .   G - +6 amulet of reflection
rElec    .         Reflect  +   n - ring of wizardry
rCorr    .         Harm     .   k - ring of stealth
MR       .....                  H - +4 ring of dexterity
Stlth    ++++......             (no ring)
HPRegen  0.21/turn              (no ring)
MPRegen  0.15/turn              (no ring)
                                (no ring)
                                (no ring)

@: no status effects
A: almost no armour, stealthy swim, amphibious, 8 rings, constrict 8, camouflage
1, gelatinous body 1
a: Heroism, Renounce Religion


You were in a bailey.
You worshipped Okawaru.
Okawaru was greatly pleased with you.
You were not hungry.

You visited 2 branches of the dungeon, and saw 10 of its levels.
You also visited: Ossuary and Bailey.

You collected 578 gold pieces.
You spent 315 gold pieces at shops.

Inventory:

Hand Weapons
 p - a +0 glaive
 z - a +3 dagger of protection
 C - a +4 trident of protection
Missiles
 a - 147 arrows
 o - 46 poisoned needles
 J - a throwing net (quivered)
Magical Staves
 g - an uncursed staff of poison
Jewellery
 k - a ring of stealth (right tentacle)
 n - a ring of wizardry (left tentacle)
 q - an uncursed amulet of rage
 G - a +6 amulet of reflection (around mantle)
 H - a +4 ring of dexterity (on tentacle)
Wands
 d - a wand of iceblast (3)
 y - a wand of polymorph (29)
 A - a wand of clouds (5)
 E - a wand of flame (8)
Scrolls
 j - 2 scrolls of enchant weapon {!r}
 m - 5 scrolls of amnesia {!r}
 s - 3 scrolls of remove curse {!r}
 t - 8 scrolls of teleportation {!r}
 u - 4 scrolls of identify {!r}
 x - 3 scrolls of enchant armour {!r}
 B - 2 scrolls of fog {!r}
 K - a scroll of torment {!r, unknown}
Potions
 e - a potion of ambrosia {!q}
 f - a potion of haste {!q}
 h - 5 potions of curing {!q}
 i - a potion of berserk rage {!q}
 l - a potion of cancellation {!q}
 r - 7 potions of heal wounds {!q}
 v - 4 potions of magic {!q}
 w - 3 potions of lignification {!q}
 D - 2 potions of flight {!q}
 F - a potion of mutation {!q, unknown}
 I - 3 potions of agility {!q}
Comestibles
 b - 12 chunks of flesh
 c - 17 rations


   Skills:
 + Level 5.7 Fighting
 + Level 5.7 Dodging
 * Level 8.3 Unarmed Combat
 - Level 5.0 Spellcasting
 - Level 8.0 Transmutations
 + Level 4.9 Invocations


You had 10 spell levels left.
You knew the following spells:

 Your Spells              Type           Power        Failure   Level  Hunger
b - Sticks to Snakes      Tmut           ####....     1%          2    #......
c - Spider Form           Tmut/Pois      ###.......   3%          3    ###....
e - Ice Form              Ice/Tmut       ###.....     12%         4    ####...


Dungeon Overview and Level Annotations

Branches:
Dungeon (9/15)             Temple (1/1) D:4
   Lair: D:8-11         Orc: D:9-12

Altars:
Ashenzari
Cheibriados
Dithmenos
Elyvilon
Fedhas
Hepliaklqana
Kikubaaqudgha
Makhleb
Nemelex Xobeh
Okawaru
Qazlal
Trog
Uskayaw
Vehumet
Wu Jian
Yredelemnul
Zin


Innate Abilities, Weirdness & Mutations

You cannot wear most types of armour.
You are very stealthy in the water. (Stealth+)
You are amphibious.
You can wear up to eight rings at the same time.
You can use your tentacles to constrict eight enemies at once.
Your skin changes colour to match your surroundings (Stealth+).
Your rubbery body absorbs attacks. (AC +1, EV +1)


Message History

Things that are here:
a glaive; a scale mail You hit the orc.
You freeze the orc.
You kill the orc!
Okawaru accepts your kill.
An orc comes into view. It is wielding a trident.
Things that are here:
a trident; a chain mail; an orc corpse An orc is nearby!
Things that are here:
a glaive; a scale mail
p - a glaive You warm up again.
Things that are here:
a trident; a chain mail; an orc corpse The orc closely misses you.
Casting: Ice Form
Confirm with . or Enter, or press ? or * to list all spells.
You miscast Ice Form.
You are very lightly contaminated with residual magic.
You smell something strange.
The orc misses you. The orc misses you.
You barely miss the orc. You grab the orc. You constrict the orc.
The orc misses you.
You tentacle-slap the orc.
You kill the orc!
Okawaru accepts your kill.
Things that are here:
a trident; a ring mail Magic restored.
You butcher the orc corpse.
b - 9 chunks of flesh (gained 2)
Things that are here:
a trident; a chain mail; an orc skeleton
Things that are here:
a trident; a chain mail; an orc skeleton You see here a scale mail.
You butcher the orc corpse.
b - 12 chunks of flesh (gained 3)
Things that are here:
a spear; a chain mail
Things that are here:
a spear; a chain mail You open the door.
The orc warrior shouts!
Found a gate leading back out of this place.
Your magical contamination has completely faded away.
There is an open door here.
The orc knight shouts!
The orc warrior shouts!
The orc knight roars a battlecry!
The orcs go into a battle-frenzy!
The orc warrior hits you from afar with a glaive!!
The orc knight hits you from afar with a trident.
The orc knight hits you from afar with a trident!!
* * * LOW HITPOINT WARNING * * *
Unknown command.
Unknown command.
Unknown command.
Unknown command.
Okay, then.
As you open the door, it creaks loudly!
The orc knight hits you from afar with a trident!!!
Ouch! That really hurt!
You die...

.......##.....##......)...≈.#
###########+###'#########.≈.#
........## ##.≈.# #
≈≈≈≈≈≈§..## ##..≈.# ##
≈.§...§§§.## ##..≈≈.# .#
§§§∩⌠oo≈§..# #..≈≈.∩# .#
..§⌠.oo§≈..#+#..≈≈.## ##
≈....o§§§§##.##..≈≈.# #
≈≈§≈≈§§§@'#...##..≈.# .$$$.#
.......§##.....##[≈.# ######
###+#############)≈.# ####
#......)...≈.# ≈≈≈##
..≈≈≈≈≈≈≈≈≈≈.# ....#
.≈≈..........# ##.##
≈≈..########## ..## ≈.. ###
..


You could see an orc knight.

Vanquished Creatures
  Maurice (D:8)
  Sigmund (D:3)
  A wraith (Ossuary)
  Menkaure (D:7)
  3 sky beasts
  A black bear (D:6)
  2 ice beasts
  A phantom (D:9)
  4 orc warriors
  7 ogres
  2 crocodiles (D:9)
  3 centaurs
  A gnoll sergeant (D:6)
  A bullfrog (D:9)
  A water moccasin zombie (D:7)
  A wyvern skeleton (D:7)
  4 scorpions
  4 wights (D:6)
  9 howler monkeys
  2 electric eels (D:5)
  6 crimson imps
  Crazy Yiuf (D:2)
  A jelly (D:7)
  An orc wizard (D:9)
  A hound (D:7)
  A bullfrog skeleton (D:6)
  6 orc priests
  A centaur skeleton (D:5)
  4 iguanas
  2 worker ants
  A hound zombie (D:5)
  A mummy (Ossuary)
  2 hound skeletons
  A worker ant zombie (D:5)
  Robin (D:2)
  7 adders
  4 gnolls (D:6)
  An ooze (D:3)
  An adder zombie (D:5)
  2 adder skeletons (D:5)
  6 worms
  A dart slug (D:1)
  7 leopard geckos
  31 orcs
  8 bats
  7 giant cockroaches
  20 goblins
  7 hobgoblins
  7 jackals
  10 kobolds
  5 quokkas
  6 frilled lizards
  7 gnoll skeletons (Ossuary)
  A goblin zombie (D:7)
  8 kobold skeletons (Ossuary)
  10 orc skeletons (Ossuary)
  A quokka skeleton (D:4)
  4 rats
  A rat zombie (D:7)
  2 butterflies (D:4)
  A fungus (D:2)
245 creatures vanquished.

Vanquished Creatures (collateral kills)
  Jessica (D:3)
1 creature vanquished.

Grand Total: 246 creatures vanquished

Notes
Turn   | Place    | Note
-------+----------+-------------------------------------------
     0 | D:1      | Amnesiac the Octopode Transmuter began the quest for the Orb.
     0 | D:1      | Reached XP level 1. HP: 13/13 MP: 3/3
   107 | D:1      | Reached XP level 2. HP: 15/18 MP: 5/5
   111 | D:1      | Learned a level 2 spell: Sticks to Snakes
   159 | D:3      | Noticed Jessica
   260 | D:3      | Killed Jessica
   260 | D:3      | Reached XP level 3. HP: 15/24 MP: 3/6
   341 | D:3      | Noticed Sigmund
   347 | D:3      | Learned a level 3 spell: Spider Form
   564 | D:3      | Reached XP level 4. HP: 15/29 MP: 3/7
   728 | D:3      | Reached XP level 5. HP: 31/35 MP: 1/8
   823 | D:3      | Found a snail-covered altar of Cheibriados.
  1802 | D:2      | Found a sparkling altar of Nemelex Xobeh.
  2112 | D:2      | Noticed Robin
  2141 | D:2      | Killed Robin
  2308 | D:2      | Reached XP level 6. HP: 41/41 MP: 9/9
  2907 | D:2      | Found a runed door.
  2912 | D:2      | Noticed Crazy Yiuf
  2920 | D:2      | Killed Crazy Yiuf
  3144 | D:3      | Killed Sigmund
  3144 | D:3      | Reached XP level 7. HP: 28/46 MP: 7/11
  3269 | D:4      | Found a staircase to the Ecumenical Temple.
  3278 | Temple   | Entered the Ecumenical Temple
  3292 | Temple   | Became a worshipper of Warmaster Okawaru
  3479 | D:4      | Learned a level 4 spell: Ice Form
  3875 | D:4      | Reached skill level 1 in Invocations
  3945 | D:4      | Reached skill level 5 in Unarmed Combat
  3945 | D:4      | Reached skill level 5 in Transmutations
  4255 | D:5      | Entered Level 5 of the Dungeon
  4282 | D:5      | Reached * piety under Okawaru
  4282 | D:5      | Reached XP level 8. HP: 30/54 MP: 10/12
  4671 | D:5      | Found a shadowy altar of Dithmenos.
  4716 | D:5      | Found a transporter.
  5051 | D:5      | Found a transporter.
  5189 | D:5      | Found a radiant altar of Vehumet.
  5196 | D:5      | Found an ancient bone altar of Kikubaaqudgha.
  5201 | D:5      | Found a hide-covered altar of Uskayaw.
  5214 | D:5      | Found a stormy altar of Qazlal.
  5219 | D:5      | Found a shattered altar of Ashenzari.
  5230 | D:5      | Found a shadowy altar of Dithmenos.
  5237 | D:5      | Found a burning altar of Makhleb.
  6310 | D:6      | Reached XP level 9. HP: 18/59 MP: 11/14
  6847 | D:7      | Noticed Menkaure
  6853 | D:7      | Killed Menkaure
  6853 | D:7      | Reached ** piety under Okawaru
  6885 | D:7      | Found a sand-covered staircase.
  6904 | Ossuary  | Entered an ossuary
  7745 | D:7      | Reached skill level 5 in Fighting
  7939 | D:7      | Reached skill level 5 in Dodging
  8060 | D:8      | Found Oneesakh's Magic Scroll Emporium.
  8080 | D:8      | Noticed Maurice
  8095 | D:8      | Killed Maurice
  8095 | D:8      | Reached *** piety under Okawaru
  8095 | D:8      | Reached XP level 10. HP: 34/66 MP: 12/17
  8332 | D:8      | Bought a scroll of identify for 30 gold pieces
  8332 | D:8      | Bought a scroll of teleportation for 45 gold pieces
  8332 | D:8      | Bought a scroll of identify for 30 gold pieces
  8332 | D:8      | Bought a scroll of identify for 30 gold pieces
  8332 | D:8      | Bought a scroll of identify for 30 gold pieces
  8332 | D:8      | Bought a scroll of identify for 30 gold pieces
  8332 | D:8      | Bought 2 scrolls of teleportation for 90 gold pieces
  8332 | D:8      | Bought a scroll of identify for 30 gold pieces
  8435 | D:8      | Found a bloodstained altar of Trog.
  8728 | D:9      | Reached skill level 5 in Spellcasting
  8746 | D:9      | Reached **** piety under Okawaru
  8938 | D:9      | Found a flagged portal.
  9107 | Bailey   | Entered a bailey
  9194 | Bailey   | Noticed an orc knight
  9240 | Bailey   | Noticed an orc knight
  9241 | Bailey   | Noticed an orc knight
  9250 | Bailey   | Annihilated by an orc knight

Vault maps used:
D:1:      shiori_arrival_elements
D:2:      nemelex_xobeh_ov_fountains_minmay, minmay_goblin_kobold_house,
          uniq_crazy_yiuf_cottage, uniq_robin
D:3:      cheibriados_altar_1, first_ration, minmay_item_behind_shaft,
          uniq_jessica, uniq_sigmund
D:4:      minmay_temple_entry_butterflies
D:5:      gammafunk_steamed_eel, grunt_temple_overflow_octagram, st_stairs_11,
          small_statue_intersection, grunt_dithmenos_smoke_and_mirrors
D:7:      enter_ossuary_4, grunt_ogre_cave, uniq_menkaure
D:8:      lightli_temple_of_fire, serial_shops, nicolae_shop_stone, uniq_maurice
D:9:      basic_altar, enter_bailey_8
Temple:   hc_temple_tempest_star
Ossuary:  ossuary_due_mausoleum
Bailey:   bailey_polearm_1, bailey

Skill      XL: |  1  2  3  4  5  6  7  8  9 10 |
---------------+-------------------------------+-----
Fighting       | 2 3 4 5 |  5.7
Transmutations | 3 4 5 6 7 8 |  8.0
Unarmed Combat | 4 5 6 7 8 |  8.3
Dodging        | 3 4 5 |  5.7
Spellcasting   | 3 4 5 |  5.0
Invocations    | 1 2 4 |  4.9

Action                   |  1- 3 |  4- 6 |  7- 9 | 10-12 || total
-------------------------+-------+-------+-------+-------++-------
Melee: Unarmed           |    59 |    99 |   383 |    82 ||   623
       Constrict         |    14 |    38 |    15 |     2 ||    69
       Tentacles         |     9 |    26 |    11 |     2 ||    48
       Punch             |     1 |     3 |     5 |       ||     9
       Dagger            |       |    70 |     9 |       ||    79
       Staff             |       |       |    45 |       ||    45
Throw: Stone             |       |   127 |    39 |     7 ||   173
 Cast: Sticks to Snakes  |     1 |       |     2 |       ||     3
       Spider Form       |     2 |     2 |    34 |       ||    38
       Ice Form          |       |       |    14 |     7 ||    21
Evoke: Wand              |       |       |     3 |       ||     3
  Use: Potion            |       |     2 |       |       ||     2
       Scroll            |       |       |    13 |     5 ||    18
 Stab: Sleeping          |     3 |       |     3 |     3 ||     9
  Eat: Chunk             |       |     8 |    19 |     5 ||    32
       Ration            |       |       |     1 |       ||     1
Armor: Skin              |     7 |    19 |    20 |     5 ||    51
Dodge: Dodged            |    24 |    79 |   254 |    27 ||   384
Block: Other             |       |       |    38 |    13 ||    51

Table legend:
 A = Spawn XP
 B = Non-spawn XP
 C = Spawn XP percentage of total XP
 D = Spawn monster count
 E = Non-spawn monster count
 F = Spawn count percentage of total count
 G = Total turns spent on level
                    A         B        C        D         E        F      G
               +---------+---------+-------+---------+---------+-------+---------
         Total |       0 |    6922 |   0.0 |       0 |     243 |   0.0 |  9250
               +---------+---------+-------+---------+---------+-------+---------
           D:1 |       0 |      26 |   0.0 |       0 |      13 |   0.0 |   733
           D:2 |       0 |     160 |   0.0 |       0 |      46 |   0.0 |  1289
           D:3 |       0 |     434 |   0.0 |       0 |      29 |   0.0 |  1234
           D:4 |       0 |     447 |   0.0 |       0 |      23 |   0.0 |   977
           D:5 |       0 |     943 |   0.0 |       0 |      28 |   0.0 |  1496
           D:6 |       0 |     825 |   0.0 |       0 |      21 |   0.0 |  1098
           D:7 |       0 |    1001 |   0.0 |       0 |      18 |   0.0 |   774
           D:8 |       0 |    1137 |   0.0 |       0 |      11 |   0.0 |   531
           D:9 |       0 |    1422 |   0.0 |       0 |      18 |   0.0 |   567
       Ossuary |       0 |     248 |   0.0 |       0 |      27 |   0.0 |   379
        Bailey |       0 |     279 |   0.0 |       0 |       9 |   0.0 |   143
               +---------+---------+-------+---------+---------+-------+---------
